AoeStats
← Kiritastrich

Golden Pit

503377114Analyzed
1v1 RM · 1mo ago on Aug 31, 2026· 25m 51s· 2 players
Game mode
Random Map
Map size
Tiny (2 player)
Population
200
Speed
Normal
Resources
Standard
Victory
Conquest
Starting age
Dark Age
Ending age
Imperial Age
RankedLock teamsTeams togetherTeam positionsShared explorationLock speedFull tech treeHidden civsTurbo modeCheats
Victory
Defeat
🇩🇪 Byzantines · Germany
2028
+11
🇷🇺 Gurjaras · Russia
1906
-11
Kiritastrich
6:18 Loom
6:37 Loom
6:50 Loom
9:37 Feudal Age
13:59 Castle Age
12:30 Double-Bit Axe
22:26 Horse Collar
25:42 Bloodlines
Andi
8:53 Feudal Age
7:43 Loom
8:41 Loom
9:21 Double-Bit Axe
9:16 Horse Collar
10:58 Loom
20:00 Castle Age
19:19 Scale Barding Armor
19:44 Forging
20:57 Bow Saw
Connection lost

Rejoining the realm…

Still unreachable

The connection could not be restored.

Session expired

The server has moved on; the page needs a fresh start.